AoeStats
← BSV | Gabriel

Arabia

505085598Analyzed
1v1 RM · 24d ago on Sep 7, 2026· 54m 55s· 2 players
Game mode
Random Map
Map size
Tiny (2 player)
Population
200
Speed
Normal
Resources
Standard
Victory
Conquest
Starting age
Dark Age
Ending age
Imperial Age
RankedLock teamsTeams togetherTeam positionsShared explorationLock speedFull tech treeHidden civsTurbo modeCheats
Victory
Defeat
🇨🇱 Italians · Chile
1207
+17
🇻🇪 Huns · Venezuela
1233
-17
Plutos0101
7:00 Loom
9:29 Feudal Age
12:19 Double-Bit Axe
17:08 Fletching
19:11 Padded Archer Armor
21:25 Castle Age
20:32 Scale Barding Armor
20:53 Horse Collar
21:04 Gold Mining
22:06 Bodkin Arrow
21:33 Crossbowman
22:39 Bow Saw
24:13 Chain Barding Armor
30:54 Forging
31:29 Husbandry
32:19 Bloodlines
37:13 Wheelbarrow
43:01 Imperial Age
44:50 Conscription
45:26 Light Cavalry
47:00 Plate Barding Armor
47:54 Hand Cart
48:32 Heavy Plow
49:39 Iron Casting
49:47 Elite Skirmisher
50:57 Thumb Ring
51:09 Leather Archer Armor
52:18 Bracer
54:23 Ring Archer Armor
54:16 Ballistics
55:52 Chemistry
55:24 Crop Rotation
55:55 Two-Man Saw
BSV | Gabriel
6:43 Loom
9:08 Feudal Age
9:20 Man-at-Arms
9:49 Double-Bit Axe
18:14 Town Watch
21:59 Castle Age
20:18 Padded Archer Armor
20:13 Horse Collar
21:53 Fletching
23:13 Scale Barding Armor
23:15 Bodkin Arrow
29:29 Elite Skirmisher
31:37 Pikeman
37:54 Scale Mail Armor
42:00 Leather Archer Armor
47:15 Chain Mail Armor
48:11 Forging
Connection lost

Rejoining the realm…

Still unreachable

The connection could not be restored.

Session expired

The server has moved on; the page needs a fresh start.